Map: 2000 Atmospheres LE

Players

Elazer

  • Race: Zerg Zerg

uThermal - Winner!

  • Race: Terran Terran

Event: DreamHack SC2 Masters 2021 Fall

VOD

Have the link to the VOD?

Description

Time

  • Played on: Aug. 5, 2021, 1:45 p.m.
  • Length: 17:33

All games in this series

Show
View Real Time Build Order
Export as new Build Order

Elazer Zerg 

Build Orders: Hatch First 

Get SALT Encoding   

  12  0:00  Drone  
  13  0:12  Overlord  
  13  0:17  Drone  
  14  0:30  Drone  
  14  0:31  Drone  
  16  0:47  Hatchery  
  15  0:51  Drone  
  15  0:55  Drone  
  17  0:58  Drone  
  18  1:09  Extractor  
  17  1:13  Spawning Pool  
  17  1:16  Drone  
  17  1:19  Drone  
  18  1:28  Drone  
  19  1:39  Drone  
  20  1:49  Drone  
  21  1:59  Queen  
  21  2:00  Queen, Zergling x2  
  21  2:01  Zergling x2  
  27  2:09  Metabolic Boost  
  27  2:11  Drone, Overlord  
  28  2:31  Hatchery  
  28  2:32  Drone x2  
  29  2:41  Drone x2  
  31  2:46  Queen  
  31  2:49  Overlord  
  33  2:52  Drone  
  33  2:54  Drone  
  33  2:56  Drone  
  36  3:06  Overlord  
  36  3:09  Drone  
  36  3:12  Drone x3  
  40  3:14  Queen  
  42  3:22  Queen  
  44  3:29  Drone x4  
  48  3:37  Drone  
  48  3:38  Overlord  
  49  3:41  Zergling x4  
  49  3:43  Queen  
  49  3:44  Drone x2  
  55  3:49  Drone x2  
  55  3:53  Drone  
  58  3:57  Drone x3  
  58  4:01  Drone x2  
  62  4:08  Queen  
  64  4:10  Drone  
  64  4:12  Overlord  
  64  4:15  Overlord  
  65  4:24  Hatchery  
  65  4:25  Drone  
  65  4:30  Drone x5  
  65  4:31  Drone  
  71  4:33  Overlord  
  71  4:37  Lair  
  71  4:38  Overlord  
  71  4:39  Drone x2  
  73  4:45  Extractor  
  73  4:46  Extractor  
  73  4:47  Drone x2  
  73  4:48  Baneling Nest  
  73  4:50  Drone  
  73  4:53  Drone x4  
  73  4:57  Drone  
  73  4:58  Drone  
  79  5:01  Extractor  
  79  5:05  Zergling x2  
  79  5:08  Zergling x10  
  79  5:13  Spore Crawler  
  83  5:14  Spore Crawler  
  83  5:15  Drone  
  83  5:17  Spore Crawler  
  82  5:21  Overlord  
  82  5:24  Drone x7  
  89  5:32  Overlord  
  89  5:37  Centrifical Hooks  
  89  5:42  Drone x5, Evolution Chamber  
  93  5:43  Overseer  
  93  5:44  Evolution Chamber  
  93  5:47  Overlord  
  93  5:48  Drone x6  
  97  5:51  Baneling  
  97  5:52  Baneling x3  
  97  5:55  Zergling x10  
  102  6:01  Overlord  
  102  6:02  Drone  
  103  6:04  Drone  
  103  6:07  Hatchery, Drone  
  103  6:10  Zergling x4  
  106  6:11  Zerg Melee Weapons Level 1, Zerg Ground Armor Level 1  
  106  6:13  Overlord  
  106  6:16  Drone x2  
  106  6:18  Spore Crawler  
  107  6:25  Zergling x24  
  119  6:31  Overlord  
  119  6:33  Pneumatized Carapace  
  119  6:34  Burrow  
  119  6:38  Zergling x8  
  123  6:41  Baneling x10, Hatchery  
  123  6:42  Baneling  
  123  6:45  Zergling x10  
  127  6:47  Overseer  
  127  6:57  Zergling x20  
  135  7:05  Drone x4  
  130  7:10  Drone x2  
  130  7:11  Drone x3  
  130  7:12  Baneling x6  
  130  7:13  Baneling  
  130  7:15  Drone x2  
  137  7:17  Spore Crawler x2  
  137  7:18  Overlord  
  137  7:19  Spore Crawler, Baneling x4  
  137  7:20  Baneling x2  
  134  7:25  Zergling x22  
  134  7:28  Zergling x4  
  141  7:34  Overlord  
  141  7:39  Zergling x14  
  141  7:42  Overseer  
  141  7:44  Baneling x10  
  147  7:46  Zergling x4  
  147  7:51  Zergling x14  
  145  8:00  Zergling x10  
  150  8:07  Extractor, Drone x6  
  150  8:12  Overlord  
  152  8:13  Zerg Ground Armor Level 2  
  152  8:14  Drone x2  
  152  8:16  Zergling x6  
  152  8:17  Zergling x10, Spore Crawler x3  
  152  8:18  Spore Crawler  
  158  8:24  Zergling x4  
  160  8:33  Zergling x8  
  143  8:36  Zergling x14  
  143  8:37  Zergling x8  
  152  8:44  Zergling x8  
  155  8:54  Zergling x12  
  147  9:05  Drone x3, Infestation Pit  
  147  9:06  Drone x3, Spire  
  147  9:07  Zergling x16  
  147  9:08  Baneling x15  
  159  9:13  Queen  
  159  9:14  Zergling x16  
  168  9:21  Zergling x6  
  168  9:23  Overlord x4  
  171  9:31  Baneling x11, Spine Crawler x2  
  171  9:32  Baneling, Spine Crawler  
  171  9:34  Baneling  
  171  9:36  Zergling x14  
  171  9:37  Hatchery  
  167  9:47  Zergling x32  
  167  9:48  Zergling x2  
  167  9:49  Baneling x8  
  182  9:55  Zergling x2  
  182  9:56  Zergling x10  
  180  10:02  Zergling x22  
  186  10:09  Zergling x12  
  186  10:12  Hive  
  186  10:13  Baneling x7  
  190  10:16  Zergling x16  
  190  10:18  Baneling x2  
  190  10:20  Baneling x4  
  178  10:30  Zergling x22  
  178  10:35  Zergling x12  
  164  10:43  Zergling x12  
  164  10:44  Zergling x6  
  170  10:50  Zergling x8, Baneling  
  170  10:51  Baneling  
  170  10:56  Overseer x2  
  174  10:59  Baneling x5  
  174  11:00  Baneling x5  
  174  11:02  Baneling x8  
  174  11:03  Zergling x20  
  184  11:09  Extractor, Drone x2  
  184  11:10  Drone x2  
  184  11:11  Extractor, Drone x3  
  189  11:14  Baneling x7  
  189  11:15  Zergling x14  
  196  11:22  Zergling x6  
  196  11:23  Zergling x8, Baneling x2  
  192  11:28  Zergling x2  
  192  11:29  Zergling x10  
  172  11:35  Zergling x16  
  172  11:38  Zergling x8  
  179  11:40  Baneling  
  179  11:41  Baneling x3  
  179  11:47  Adrenal Glands  
  179  11:48  Zergling x24  
  179  11:49  Zerg Melee Weapons Level 2  
  179  11:51  Overlord  
  190  11:57  Zergling x16  
  187  12:05  Zergling x16  
  164  12:15  Zergling x18  
  164  12:22  Baneling x20  
  156  12:27  Extractor  
  156  12:29  Spore Crawler  
  154  12:30  Drone x3  
  154  12:31  Spore Crawler, Zergling x24  
  154  12:32  Spore Crawler  
  167  12:39  Baneling x10, Overseer  
  167  12:40  Overseer x2  
  167  12:42  Zergling x22  
  178  12:47  Overseer  
  178  12:50  Overlord x4  
  178  12:53  Ultralisk Cavern  
  165  13:03  Zergling x8  
  165  13:04  Zergling x20  
  160  13:09  Zergling x12  
  160  13:11  Baneling x16  
  165  13:19  Baneling x11  
  165  13:21  Zergling x20  
  168  13:30  Zergling x14  
  145  13:36  Zergling x18  
  145  13:40  Zergling x2  
  144  13:48  Ultralisk x3  
  129  13:57  Zergling x20  
  129  14:05  Zergling x8  
  129  14:06  Zergling x8  
  128  14:12  Zergling x2  
  128  14:13  Zergling x10  
  126  14:20  Zergling x10  
  122  14:24  Zergling x4  
  122  14:25  Zergling x2  
  115  14:33  Zergling x2  
  115  14:34  Zergling x10  
  103  14:56  Chitinous Plating  
  103  14:58  Hatchery  
  103  14:59  Infestor x3  
  108  15:04  Zergling x2  
  108  15:05  Zergling x2  
  108  15:06  Zergling x2  
  111  15:13  Hatchery  
  107  15:17  Baneling x9  
  107  15:18  Zergling x8  
  105  15:38  Zergling x10, Baneling x9  
  105  15:39  Zergling x2  
  110  15:46  Zergling x2  
  110  15:47  Zergling x2  
  110  15:48  Baneling  
  110  15:49  Baneling x2  
  109  15:53  Zergling x4  
  102  16:05  Zergling x8  
  104  16:22  Zergling x16  
  112  16:29  Zergling x6  
  106  16:43  Zergling x16  
  113  16:51  Zergling x10  
Show
View Real Time Build Order
Export as new Build Order

uThermal Terran - Winner!

Build Orders: Hellion Opening, Reaper Expand 

Get SALT Encoding   

  12  0:00  SCV  
  13  0:12  SCV  
  14  0:16  Supply Depot  
  14  0:24  SCV  
  15  0:38  SCV  
  15  0:39  Barracks  
  16  0:43  Refinery  
  16  0:50  SCV  
  17  1:02  SCV  
  18  1:14  SCV  
  19  1:26  Reaper  
  19  1:27  Orbital Command  
  20  1:39  Command Center  
  20  1:49  Supply Depot  
  20  1:53  SCV  
  21  1:58  Marine  
  22  2:05  SCV  
  22  2:08  Factory  
  23  2:17  SCV  
  23  2:20  Barracks Reactor  
  24  2:29  SCV  
  25  2:39  Command Center  
  25  2:41  SCV  
  26  2:51  Orbital Command  
  26  2:53  SCV  
  27  2:59  Starport  
  27  3:05  SCV  
  28  3:07  Refinery  
  28  3:09  Hellion  
  30  3:14  Hellion  
  30  3:17  SCV  
  30  3:19  SCV  
  34  3:23  Barracks Tech Lab  
  34  3:30  SCV  
  34  3:31  SCV  
  34  3:32  Hellion  
  38  3:35  Hellion  
  38  3:39  Viking  
  42  3:42  SCV  
  42  3:43  SCV  
  44  3:51  Orbital Command  
  44  3:58  Hellion x2  
  44  3:59  SCV x2  
  44  4:02  Marine  
  51  4:03  Stimpack  
  50  4:11  SCV, Starport Reactor  
  50  4:14  SCV  
  52  4:17  SCV  
  52  4:20  Marine  
  52  4:23  SCV  
  55  4:26  SCV, Barracks  
  55  4:27  Barracks, Factory Reactor  
  55  4:29  SCV  
  57  4:32  Supply Depot  
  57  4:37  SCV  
  57  4:38  Marine, SCV  
  59  4:40  Orbital Command  
  59  4:45  Supply Depot  
  60  4:49  SCV, Engineering Bay  
  60  4:50  Refinery, Engineering Bay  
  61  4:54  SCV  
  61  4:56  Marine  
  61  4:59  Starport Reactor  
  63  5:00  Barracks  
  63  5:01  Barracks  
  63  5:02  SCV  
  63  5:06  SCV  
  65  5:08  Supply Depot, SCV  
  65  5:09  Refinery  
  65  5:14  SCV  
  67  5:18  Terran Infantry Armor Level 1, Marine x2, Terran Infantry Weapons Level 1  
  67  5:20  SCV  
  71  5:25  Supply Depot  
  71  5:26  Marine  
  71  5:28  SCV  
  73  5:29  SCV  
  73  5:32  Marine, SCV  
  76  5:36  Marine x2, Supply Depot  
  76  5:38  Medivac  
  76  5:40  SCV  
  80  5:44  Marine, Medivac  
  80  5:48  Barracks Reactor  
  83  5:51  Barracks Reactor, Combat Shield  
  83  5:53  Marine, SCV x2  
  85  5:58  SCV  
  85  6:00  Marine x2  
  85  6:01  Supply Depot  
  85  6:03  Widow Mine  
  90  6:05  SCV, Widow Mine  
  90  6:07  SCV  
  90  6:08  Marine  
  90  6:10  SCV  
  95  6:13  Marine  
  95  6:14  Bunker  
  95  6:17  SCV  
  95  6:18  Marine  
  98  6:19  SCV, Medivac  
  98  6:22  Medivac  
  98  6:25  Widow Mine  
  105  6:26  Marine, Widow Mine  
  105  6:28  Supply Depot  
  105  6:29  Marine  
  105  6:32  Supply Depot  
  109  6:39  Armory  
  109  6:44  Factory  
  109  6:50  Marine x7, Supply Depot, SCV  
  109  6:53  Marine x2, Medivac  
  119  7:03  Supply Depot, SCV  
  119  7:07  Marine x3, Widow Mine x2  
  125  7:10  Supply Depot  
  125  7:11  Marine x3, SCV  
  125  7:14  Marine x2  
  131  7:17  Marine  
  131  7:20  Supply Depot  
  132  7:25  Marine  
  132  7:27  Marine  
  132  7:28  Supply Depot  
  132  7:29  Marine  
  135  7:35  Factory Tech Lab  
  135  7:36  Marine  
  136  7:38  Supply Depot, Widow Mine  
  136  7:39  Medivac  
  140  7:44  Marine  
  140  7:47  Marine  
  140  7:48  Marine  
  140  7:51  Marine x2  
  145  7:55  Marine  
  145  7:56  Marine, Widow Mine  
  145  7:57  Command Center  
  146  7:58  Terran Infantry Weapons Level 2  
  146  8:00  Refinery, Terran Infantry Armor Level 2  
  146  8:04  Marine  
  146  8:08  Widow Mine  
  146  8:10  Marine  
  146  8:12  Widow Mine, Drilling Claws  
  151  8:15  Marine  
  151  8:16  Terran Vehicle And Ship Armor Level 1  
  151  8:17  Marine x2, Supply Depot  
  151  8:19  Marine  
  154  8:20  Marine  
  154  8:22  Marine x2, Widow Mine  
  154  8:25  Marine  
  150  8:37  Marine  
  150  8:38  Marine x2  
  150  8:39  Marine, Widow Mine  
  150  8:40  Medivac  
  147  8:48  Marine  
  147  8:49  Widow Mine  
  147  8:53  Marine, Widow Mine  
  147  8:55  Marine  
  138  9:01  Marine x2, Medivac  
  140  9:05  Marine x3, Widow Mine  
  140  9:07  Barracks  
  140  9:08  Marine x2, Barracks x2  
  145  9:13  Marine x2  
  145  9:16  Widow Mine  
  149  9:19  Marine x2  
  149  9:20  Medivac  
  149  9:22  SCV x2  
  149  9:23  Marine x2  
  157  9:24  SCV  
  157  9:29  Marine x2  
  157  9:30  Marauder  
  166  9:31  Marine, Widow Mine x2, Medivac  
  166  9:37  SCV  
  170  9:45  Marine x2, Widow Mine  
  166  9:49  Marine  
  166  9:50  Medivac  
  166  9:51  Marauder  
  169  9:53  Marine x2  
  169  9:58  Widow Mine  
  173  10:01  Widow Mine  
  173  10:03  Marine  
  173  10:07  Widow Mine  
  166  10:13  Marauder  
  161  10:15  SCV  
  161  10:18  Marine  
  161  10:20  Marine x2  
  163  10:21  Barracks Tech Lab  
  163  10:22  Barracks Tech Lab x2  
  163  10:26  Widow Mine  
  155  10:34  Marauder  
  155  10:35  Marine x2, Terran Infantry Armor Level 3, Terran Infantry Weapons Level 3  
  153  10:37  SCV  
  153  10:42  Marine, Marauder  
  154  10:45  SCV  
  154  10:46  Planetary Fortress  
  154  10:49  Bunker  
  154  10:56  Marine x2, Marauder  
  154  10:57  Supply Depot, Widow Mine x2, Marauder x2  
  162  11:00  Liberator  
  162  11:03  Marine  
  170  11:06  SCV x2  
  172  11:13  Supply Depot  
  172  11:18  Marine x3  
  172  11:19  Marauder x2  
  172  11:23  Marine  
  172  11:25  Marauder  
  180  11:26  Marauder  
  180  11:32  Marine  
  169  11:38  Missile Turret  
  168  11:40  Marauder x2  
  168  11:41  Bunker, Widow Mine  
  168  11:42  Supply Depot  
  168  11:45  Liberator  
  168  11:46  Marauder  
  179  11:47  Supply Depot  
  179  11:58  Liberator  
  179  12:01  Marine, Marauder  
  170  12:21  Marine x2  
  170  12:22  Marauder x2  
  161  12:24  Widow Mine  
  161  12:28  Liberator  
  161  12:29  Marine x2  
  172  12:30  Marauder  
  172  12:32  SCV  
  172  12:33  SCV  
  174  12:37  Widow Mine  
  174  12:39  Widow Mine  
  174  12:40  Liberator  
  174  12:41  Marine  
  174  12:42  Bunker  
  180  12:45  Marine  
  180  12:46  Widow Mine  
  180  12:50  Marine  
  184  12:52  Marine  
  174  12:59  Widow Mine  
  174  13:00  Marine, Widow Mine  
  174  13:20  Supply Depot  
  174  13:21  Supply Depot  
  174  13:28  Marine x2  
  174  13:30  Marauder x2  
  154  13:35  Marine, Marauder  
  154  13:39  Widow Mine  
  153  13:43  Marine x2, Marauder  
  153  13:45  Widow Mine  
  150  13:51  Widow Mine, Marauder  
  150  13:52  Marine  
  150  13:53  Marauder  
  148  13:59  Marine  
  148  14:00  Marauder  
  144  14:04  Medivac  
  144  14:05  Marauder  
  141  14:12  Marine  
  141  14:13  Marine x2, Marauder  
  141  14:15  Marine  
  145  14:17  Marine  
  145  14:21  Concussive Shells  
  141  14:26  Marine  
  141  14:27  Marauder  
  131  14:33  Marine, Marauder  
  131  14:34  Marine  
  117  14:39  Marauder  
  117  14:40  Marine  
  117  14:42  Marine  
  115  14:46  Marine  
  115  14:49  Orbital Command  
  115  14:51  Marine  
  119  14:56  Marine x2  
  119  14:59  Medivac  
  121  15:02  Medivac  
  123  15:10  Marine  
  123  15:11  Marine, Marauder  
  124  15:18  Marine, Marauder  
  127  15:24  Marine  
  127  15:25  Marauder  
  130  15:29  Medivac  
  130  15:31  Marine, Marauder  
  130  15:34  Marine x2  
  130  15:35  Marauder  
  139  15:37  Liberator  
  142  15:48  Marine  
  142  15:49  Marauder  
  142  15:52  Supply Depot  
  139  15:59  Liberator  
  139  16:02  Marine  
  139  16:03  Marauder  
  137  16:05  Marine x2, Marauder x2  
  141  16:15  Marauder  
  143  16:19  Liberator  
  143  16:20  Supply Depot  
  143  16:24  Marauder  
  148  16:26  Marine  
  148  16:27  Marauder  
  139  16:42  Medivac  
  139  16:45  Marine  
  139  16:46  Marauder  
  141  16:59  Marine, Marauder  
  129  17:02  Medivac  
  129  17:04  Marine  
  129  17:05  Marauder  
  132  17:14  Marine x2  

Tags
 
Add a new tag
Caveats
  • Supply blocks, unpowered buildings, or Contaminate may cause inaccurate times.
  • Supply counts are checked every 10 seconds.